 Dungeon Crawl Stone Soup version 0.29-a0-321-gf1c400731a (webtiles) character file.

Game seed: 3924626363517928958

47 WonderSloth the Ruffian (level 3, -3/33 HPs)
             Began as a Ghoul Monk on Apr 5, 2022.
             Killed from afar by an orc wizard (7 damage)
             ... with a magic dart
             ... on level 3 of the Dungeon.
             The game lasted 00:07:21 (1679 turns).

WonderSloth the Ruffian (Ghoul Monk)                Turns: 1679, Time: 00:07:22

Health: -3/33      AC:  2    Str: 16    XL:     3   Next: 70%
Magic:  2/2        EV: 12    Int:  5    God:
Gold:   141        SH:  0    Dex: 11    Spells: 2/2 levels left

rFire   . . .      SeeInvis .     - Unarmed
rCold   + . .      Faith    .   (no shield)
rNeg    + + +      Spirit   .   a - +0 robe
rPois   ∞          Reflect  .   (no helmet)
rElec   .          Harm     .   (no cloak)
rCorr   .          Rampage  .   (no gloves)
Will    .....                   (no boots)
Stlth   ++........              (no amulet)
HPRegen 0.00/turn               (no ring)
MPRegen 0.08/turn               (no ring)

@: inhibited regen
A: claws 1, cold resistance 1, negative energy resistance 3, inhibited
regeneration, torment resistance 2, devour on kill
a: no special abilities


You were on level 3 of the Dungeon.
You visited 1 branch of the dungeon, and saw 3 of its levels.

You collected 141 gold pieces.

Inventory:

Hand Weapons
 k - a +1 dagger of flaming
Armour
 a - a +0 robe (worn)
 d - a +3 chain mail
 n - a +1 hat
 r - a +0 cloak
Scrolls
 c - 2 scrolls of noise {unknown}
 e - 3 scrolls of teleportation {unknown}
 f - a scroll of enchant armour {unknown}
 g - a scroll of fog {unknown}
 i - 3 scrolls of identify {unknown}
 j - a scroll of acquirement {unknown}
 l - a scroll of enchant weapon {unknown}
 q - a scroll of amnesia {unknown}
Potions
 b - a potion of ambrosia
 h - a potion of invisibility {unknown}
 m - 6 potions of curing {unknown}
 o - a potion of might {unknown}
 p - a potion of degeneration {unknown}
 s - a potion of mutation {unknown}


   Skills:
 + Level 3.7 Fighting
 + Level 3.1 Dodging
 + Level 2.5 Stealth
 + Level 4.1 Unarmed Combat


You had 2 spell levels left.
You didn't know any spells.
Your spell library was empty.

Dungeon Overview and Level Annotations

Branches:
Dungeon (3/15)

Altars:
Fedhas


Innate Abilities, Weirdness & Mutations

You are immune to poison.
You have sharp fingernails.
Your flesh is cold resistant. (rC+)
You are immune to negative energy. (rN+++)
You do not regenerate when monsters are visible.
You are immune to unholy pain and torment.
You thrive by killing the living.


Message History

Search for what [Enter for "."]? .
There is an escape hatch in the floor here.
You see here a +0 club.
There is a stone staircase leading down here.
You climb downwards.
You hear the sound of rushing water.
There is an entrance to a sewer on this level.
Hurry and find it before the portal rusts away!
Found a stone staircase leading down.
There is a stone staircase leading up here. 2 orcs come into view.
The orc shouts! x2
The orc moves out of view. x2 2 orc wizards come into view.
The orc wizard moves out of view. x2
You scratch the orc wizard but do no damage.
You closely miss the orc wizard. You claw the orc wizard.
The orc wizard is lightly wounded.
The orc wizard gestures at you while chanting.
The magic dart hits you!
You scratch the orc wizard.
The orc wizard is moderately wounded.
The orc wizard gestures at you while chanting.
The magic dart hits you.
You scratch the orc wizard.
The orc wizard is heavily wounded.
The orc wizard hits you with a +0 dagger.
You scratch the orc wizard.
The orc wizard is severely wounded.
You claw the orc wizard!
The orc wizard is severely wounded.
The orc wizard closely misses you. The orc barely misses you.
The orc wizard gestures at you while chanting.
The puff of flame hits you!
* * * LOW HITPOINT WARNING * * *
You barely miss the orc wizard.
The orc wizard is severely wounded.
The orc wizard closely misses you.
The orc wizard points at you and mumbles some strange words.
The magic dart hits you!
You die...

.#+##.#...##
......#....###
.............#
...........#.##
.>.....<......#
..............#
..##.#.#...####
.......#.####
.......##..@o#
...###. ####o#
.. #. #o# #.
... ..## .### .
#.


You could see 2 orc wizards and an orc.

Vanquished Creatures
  2 adders (D:2)
  3 endoplasms
  A giant cockroach (D:1)
  6 hobgoblins
  2 quokkas
  A ball python (D:1)
  3 bats (D:1)
  2 frilled lizards
  A goblin (D:1)
  5 kobolds
  4 rats
30 creatures vanquished.

Notes
Turn   | Place    | Note
-------+----------+-------------------------------------------
     0 | D:1      | WonderSloth the Ghoul Monk began the quest for the Orb.
     0 | D:1      | Reached XP level 1. HP: 19/19 MP: 0/0
   370 | D:1      | Reached XP level 2. HP: 26/26 MP: 1/1
   833 | D:1      | .
  1033 | D:2      | Reached XP level 3. HP: 22/31 MP: 2/2
  1039 | D:2      | Found a faded altar of an unknown god.
  1114 | D:2      | Found a blossoming altar of Fedhas.
  1233 | D:2      | Reached skill level 4 in Unarmed Combat
  1679 | D:3      | Killed from afar by an orc wizard

Illustrated notes

#### ...# ##.#
.#.#
#..###########
##...........#####
#..######.......@#
...# #.##.###.#
.### #.##.# #.# ##
#.##.###.# #
#.##..##.# #
#.###.##.# ## #.#
#.##.# .##
#.###.##.# ..##
#........#


Turn 833 on D:1: .

Levels and vault maps discovered:
D:1:      minmay_arrival_stair_chambers, layout_loops_corners, nrook_mini_vaults
D:2:      layout_loops_ring, chequers_ecumenical_altar_twisty, basic_altar
D:3:      layout_basic, tso_metal_star, gup_sewer_entry_pipe

Skill      XL: |  1  2  3 |
---------------+----------+-----
Dodging        | 3 |  3.1
Unarmed Combat | 4 |  4.1
Fighting       | |  3.7
Stealth        | |  2.5

Action                   || total
-------------------------++-------
Melee: Unarmed           ||    91
       Punch             ||     3
 Stab: Sleeping          ||     6
Armor: Robe              ||    14
Dodge: Dodged            ||    44

Table legend: (Time is in decaauts)
 A = Elapsed time spent in this place.
 B = Non-inter-level travel time spent in this place.
 C = Inter-level travel time spent in this place.
 D = Time resting spent in this place.
 E = Time spent auto-exploring this place.
 F = Levels seen in this place.
 G = Mean time per level.
                   A        B        C        D        E       F      G
               +--------+--------+--------+--------+--------+-----+--------+
         Total |   1672 |   1590 |     82 |     75 |   1124 |   3 |  557.3 |
       Dungeon |   1672 |   1590 |     82 |     75 |   1124 |   3 |  557.3 |
               +--------+--------+--------+--------+--------+-----+--------+

Top non-repeatable levels by time:
     D:1: 854 daAuts
     D:2: 802 daAuts
     D:3: 16 daAuts
